 Dungeon Crawl Stone Soup version 0.26-a0-146-g24f6d3962c (webtiles) character file.

Game seed: 14302231510872359459

137264 Flugslaktarn the Martial Artist (level 16, -1/84 HPs)
             Began as a Vine Stalker Ice Elementalist on June 29, 2020.
             Was the Champion of Cheibriados.
             Slain by the 27-headed Lernaean hydra (10 damage)
             ... on level 4 of the Swamp.
             The game lasted 02:07:59 (9023 turns).

Flugslaktarn the Martial Artist (VSIE)              Turns: 9023, Time: 02:07:59

Health: -1/84      AC: 12    Str: 32    XL:     16   Next: 92%
Magic:  0/31       EV: 22    Int: 29    God:    Cheibriados [******]
Gold:   512        SH: 32    Dex: 32    Spells: 2/35 levels left

rFire    . . .     SeeInvis .     - Unarmed
rCold    . . .     Faith    .   W - +18 shield of the Gong {rElec rN+ MR+ EV-5}
rNeg     + . .     Spirit   +   P - +2 leather armour {rPois}
rPois    +         Reflect  .   R - +1 helmet of the Gate {*Corrode rElec Regen+ Int-4}
rElec    +         Harm     .   Q - +2 cloak {MR+}
rCorr    .                      S - +2 pair of gloves
MR       ++++.                  L - +2 pair of boots
Stlth    +.........             (no amulet)
HPRegen  1.44/turn              G - ring "Nuranu" {EV+4 Str+6}
MPRegen  0.22/turn              T - ring of wizardry

@: corroded, contaminated, glowing, very slow
A: fangs 3, dopey 1, regeneration 2, magic shield, antimagic bite, no potion
heal 3, rot immunity
}: 1/15 runes: gossamer
a: Bend Time, Temporal Distortion, Slouch, Step From Time, Renounce Religion


You were on level 4 of the Swamp.
You worshipped Cheibriados.
Cheibriados was exalted by your worship.
You were hungry.

You visited 5 branches of the dungeon, and saw 25 of its levels.

You collected 5896 gold pieces.
You spent 5384 gold pieces at shops.

Inventory:

Missiles
 C - 21 boomerangs (quivered)
 N - a throwing net
 Y - 83 arrows
Armour
 a - a +2 kite shield of fire resistance
   (You found it on level 3 of the Spider Nest)
 L - a +2 pair of boots (worn)
   (You found it on level 9 of the Dungeon)
 O - the +1 ring mail "Ozy Celoopp" {rCorr Int+4 Stlth+}
   (You found it on level 9 of the Dungeon)

   It affects your intelligence (+4).
   It provides partial protection from all sources of acid and corrosion.
   It makes you more stealthy.
 P - a +2 leather armour of poison resistance (worn)
   (You took it off an orc on level 9 of the Dungeon)
 Q - a +2 cloak of magic resistance (worn)
   (You bought it in a shop on level 2 of the Orcish Mines)
 R - the +1 helmet of the Gate (worn) {*Corrode rElec Regen+ Int-4}
   (You bought it in a shop on level 2 of the Orcish Mines)

   It affects your intelligence (-4).
   It insulates you from electricity.
   It increases your rate of regeneration.
   It may corrode you when you take damage.
 S - a +2 pair of gloves (worn)
   (You found it on level 11 of the Dungeon)
 W - the +18 shield of the Gong (worn) {rElec rN+ MR+ EV-5}
   (You acquired it on level 11 of the Dungeon)

   It affects your evasion (-5).
   It insulates you from electricity.
   It protects you from negative energy.
   It affects your resistance to hostile enchantments.
Magical Staves
 d - an uncursed staff of air
   (You found it on level 2 of the Spider Nest)
 K - an uncursed staff of fire
   (You found it on level 9 of the Dungeon)
Jewellery
 g - an uncursed ring of teleportation
   (You found it on level 2 of the Swamp)
 h - a +4 ring of evasion
   (You found it on level 3 of the Dungeon)
 u - a +4 ring of protection
   (You found it on level 5 of the Dungeon)
 v - an uncursed ring of positive energy
   (You found it on level 5 of the Dungeon)
 x - an uncursed ring of resist corrosion
   (You found it on level 5 of the Dungeon)
 y - an uncursed ring of see invisible
   (You found it on level 3 of the Lair of Beasts)
 G - the ring "Nuranu" (left hand) {EV+4 Str+6}
   (You found it on level 1 of the Swamp)

   [ring of evasion]

   It affects your evasion (+4).
   It affects your strength (+6).
 T - a ring of wizardry (right hand)
   (You bought it in a shop on level 4 of the Dungeon)
Wands
 e - a wand of digging (12)
   (You found it on level 4 of the Lair of Beasts)
 f - a wand of paralysis (2)
   (You found it on level 6 of the Dungeon)
 p - a wand of polymorph (16)
   (You found it on level 2 of the Lair of Beasts)
 q - a wand of enslavement (3)
   (You found it on level 4 of the Dungeon)
 s - a wand of flame (41)
   (You found it on level 4 of the Dungeon)
 t - a wand of acid (11)
   (You found it on level 4 of the Spider Nest)
 M - a wand of disintegration (10)
   (You found it on level 7 of the Dungeon)
Scrolls
 i - 5 scrolls of amnesia
 j - a scroll of vulnerability
 k - 11 scrolls of remove curse
 w - a scroll of fog
 A - 5 scrolls of teleportation
 X - a scroll of magic mapping
 Z - 2 scrolls of enchant armour
Potions
 b - 2 potions of berserk rage
 l - 4 potions of curing
 m - 4 potions of might
 o - a potion of invisibility
 r - 2 potions of cancellation
 z - a potion of ambrosia
 B - a potion of magic
 D - 2 potions of flight
 F - 2 potions of brilliance
 H - a potion of lignification
 I - 2 potions of mutation
Miscellaneous
 E - 2 phantom mirrors
 J - a tin of tremorstones (inert)
   (You bought it in a shop on level 2 of the Orcish Mines)
Comestibles
 c - 32 rations


   Skills:
 + Level 9.1 Fighting
 - Level 10.0 Dodging
 - Level 2.4 Stealth
 - Level 8.0 Shields
 + Level 10.8 Unarmed Combat
 + Level 10.3 Spellcasting
 + Level 3.0 Conjurations
 - Level 2.0 Summonings
 - Level 3.8 Necromancy
 - Level 5.0 Translocations
 - Level 10.0 Transmutations
 - Level 8.0 Ice Magic
 - Level 10.0 Earth Magic
 + Level 9.4 Invocations
 - Level 5.0 Evocations


You had 2 spell levels left.
You knew the following spells:

 Your Spells              Type           Power        Failure   Level  Hunger
a - Freeze                Ice            ####         1%          1    None
b - Frozen Ramparts       Ice            ######       1%          3    None
c - Beastly Appendage     Tmut           ######       1%          1    None
d - Summon Ice Beast      Ice/Summ       #####...     5%          4    None
e - Passage of Golubria   Tloc           N/A          5%          4    None
f - Borgnjor's Vile Clut  Necr/Erth      ######....   6%          5    ###....
g - Statue Form           Tmut/Erth      ######...    11%         6    #####..
h - Sticks to Snakes      Tmut           ######..     1%          2    None
i - Irradiate             Conj/Tmut      ######....   8%          5    ###....
r - Blink                 Tloc           N/A          1%          2    None

Your spell library contained the following spells:

 Spells                   Type           Power        Failure   Level  Hunger
 Magic Dart               Conj           ####         1%          1    None
 Ensorcelled Hibernation  Hex/Ice        #####.       1%          2    None
 Call Imp                 Summ           ####....     2%          2    None
 Shroud of Golubria       Chrm/Tloc      ####..       2%          2    None
 Poisonous Vapours        Pois/Air       ###...       6%          2    None
 Slow                     Hex            ###.....     6%          2    None
 Gell's Gravitas          Tloc           #####.....   1%          3    None
 Lesser Beckoning         Tloc           #####.....   1%          3    None
 Spider Form              Tmut/Pois      #####.....   1%          3    None
 Teleport Other           Tloc           #####...     1%          3    None
 Ice Form                 Ice/Tmut       ######..     1%          4    None
 Blade Hands              Tmut           ######....   1%          5    ###....
 Ozocubu's Armour         Chrm/Ice       #####...     2%          3    None
 Hailstorm                Conj/Ice       #####...     4%          4    None
 Conjure Flame            Conj/Fire      ###.....     6%          3    None
 Mephitic Cloud           Conj/Pois/Air  ###.....     9%          3    None
 Hydra Form               Tmut           ######....   11%         6    #####..
 Dragon Form              Tmut           ######....   45%         7    ######.
 Silence                  Hex/Air        ###.......   69%         5    ###....
 Freezing Cloud           Conj/Ice/Air   #####.....   77%         6    #####..
 Shadow Creatures         Summ           N/A          92%         6    #####..
 Darkness                 Hex            ###.......   99%         6    #####..
 Ring of Flames           Chrm/Fire      ###.......   100%        7    ######.


Dungeon Overview and Level Annotations

Branches:
Dungeon (11/15)            Temple (0/1) D:7            Lair (4/6) D:10
  Swamp (4/4) Lair:2       Spider (4/4) Lair:2          Orc (2/2) D:9
    Elf (0/3) Orc:2

Altars:
Cheibriados
Gozag
Kikubaaqudgha
Okawaru
Uskayaw
Vehumet
Xom
Yredelemnul
Zin
Beogh

Shops:
D:4 =   D:5 ?}   D:8 *   D:9 :[   Orc:1 :=?[   Orc:2 [!?}

Annotations:
Swamp:4 Lernaean hydra, Mara


Innate Abilities, Weirdness & Mutations

You have razor-sharp teeth.
You heal very quickly.
When hurt, damage is shared between your health and your magic reserves.
Your bite disrupts and absorbs the magic of your enemies.
Potions cannot restore your health.
You are immune to rotting.
You are dopey. (Int -2)


Message History

A swamp drake and the Lernaean hydra come into view.
Unknown command.
Unknown command.
Press: ? - help, v - describe, . - travel
Here: the 27-headed Lernaean hydra The floor.
Unknown command.
Okay, then.
Casting: Blink (safe; 1% risk of failure)
Confirm with . or Enter, or press ? or * to list all spells.
You blink.
You revert to your normal fleshy form.
Your +2 pair of gloves unmelds from your body.
Your +2 pair of boots unmelds from your body.
Your +2 leather armour of poison resistance unmelds from your body.
You feel resistant to poison.
The swamp drake breathes noxious fumes at you.
The noxious blast engulfs you but does no damage.
You block the 27-headed Lernaean hydra's attack.
GONNNNG!
You block the 27-headed Lernaean hydra's attack.
SHROANNG!
You block the 27-headed Lernaean hydra's attack.
PTOANNNG!
The 27-headed Lernaean hydra bites you but does no damage.
The 27-headed Lernaean hydra bites you.
* * * LOW HITPOINT WARNING * * *
The 27-headed Lernaean hydra completely misses you. x2
The 27-headed Lernaean hydra closely misses you.
The 27-headed Lernaean hydra bites you but does no damage.
The 27-headed Lernaean hydra completely misses you.
The 27-headed Lernaean hydra bites you.
* * * LOW HITPOINT WARNING * * *
The 27-headed Lernaean hydra bites you.
* * * LOW HITPOINT WARNING * * *
Your corrosive artefact corrodes you!
The 27-headed Lernaean hydra misses you.
You block the 27-headed Lernaean hydra's attack.
BONNNG!
The 27-headed Lernaean hydra barely misses you.
You block the 27-headed Lernaean hydra's attack.
GONNNNG!
The 27-headed Lernaean hydra bites you.
* * * LOW HITPOINT WARNING * * *
The 27-headed Lernaean hydra bites you but does no damage. x2
You block the 27-headed Lernaean hydra's attack.
SHROANNG!
The 27-headed Lernaean hydra bites you but does no damage.
The 27-headed Lernaean hydra bites you!
You die...

≈≈≈≈≈≈..≈≈.≈≈≈°
..≈≈≈.≈≈≈≈≈.R°°
.≈≈≈≈≈≈≈≈Rn≈≈k≈
.≈≈≈≈≈≈≈≈≈≈@≈≈≈
≈.≈≈≈≈≈.§†§§≈≈≈
#####≈≈≈≈^.[.≈≈≈#
##$○.##.#'#'#..###
#○○○..#..≈.†...≈#
#@○k..#.8..°†[(.#
#○D...#≈°P.#≈...#
##§○..+.(°. .†8.'.
####+#...# ....#'
.≈(P ..8.. (.(..
.≈.8.(


You could see the 27-headed Lernaean hydra and a swamp drake (catching breath).

Vanquished Creatures
  Nikola (Spider:3)
  Arachne (Spider:3)
  Roxanne (Spider:3)
  2 ghost moths (Spider:4)
  4 emperor scorpions
  An entropy weaver (Spider:4)
  A spark wasp (Spider:4)
  12 hydras
  A ghost crab (Swamp:4)
  A centaur warrior (D:10)
  3 shambling mangroves
  4 two-headed ogres
  5 alligators
  6 orc high priests (Orc:2)
  3 spriggans
  A wizard (Swamp:3)
  An unseen horror (D:10)
  The ghost of OlivierWah the Cleaver, a novice MiBe of Trog (D:6)
  A spriggan druid (Swamp:4)
  4 orc knights
  8 swamp dragons
  Pikel (D:7)
  15 orb spiders
  24 wolf spiders
  An orc sorcerer (Orc:2)
  An ugly thing (D:10)
  12 slime creatures
  A cyclops (D:10)
  2 moths of wrath
  A black mamba (Lair:2)
  A torpor snail (Spider:4)
  A gargoyle (D:10)
  9 spiny frogs
  A kobold demonologist (D:11)
  10 demonic crawlers
  2 komodo dragons (Lair:1)
  A queen bee (Lair:3)
  3 trolls
  8 tyrant leeches
  24 jumping spiders
  23 hornets
  11 bog bodies
  A hippogriff (Lair:1)
  4 blink frogs
  33 tarantellas
  50 redbacks
  6 yaks
  2 shadows
  4 wyverns
  2 basilisks
  2 vampire mosquitoes (Swamp:1)
  7 wargs (Orc:2)
  5 insubstantial wisps
  9 swamp worms
  3 water moccasins
  2 porcupines (Lair:3)
  2 nameless horrors
  5 ice beasts
  A sky beast (D:9)
  16 orc warriors
  A necrophage (D:9)
  An eye of draining (D:8)
  2 phantoms
  4 swamp drakes
  A black bear (D:8)
  4 centaurs
  2 crocodiles
  13 ogres
  2 big kobolds
  12 bullfrogs
  3 scorpions
  19 killer bees (Lair:3)
  5 howler monkeys (D:8)
  2 centaur zombies
  4 crimson imps (D:5)
  2 jellies (D:9)
  4 hounds
  2 quasits (D:5)
  33 orc priests
  26 orc wizards
  5 bullfrog skeletons
  A centaur skeleton (D:10)
  5 iguanas
  9 worker ants
  A hound skeleton (D:10)
  A howler monkey zombie (D:7)
  10 adders
  2 oozes
  An adder skeleton (D:9)
  A worm (D:4)
  2 leopard geckos
  81 orcs
  10 ball pythons
  6 giant cockroaches
  3 goblins
  A hobgoblin (D:3)
  8 jackals
  3 quokkas
  3 bats
  2 frilled lizards
  A giant cockroach zombie (D:6)
  12 kobolds
  A leopard gecko skeleton (D:5)
  2 rats (D:3)
  A plant (D:10)
682 creatures vanquished.

Vanquished Creatures (collateral kills)
  An emperor scorpion (Spider:4)
  An entropy weaver (Spider:1)
  2 hydras
  An orc high priest (Orc:2)
  An orc sorcerer (Orc:2)
  6 wolf spiders
  An orb spider (Spider:3)
  A cyclops (D:11)
  A black mamba (Lair:3)
  An oklob plant (D:10)
  A guardian serpent (Spider:3)
  A spiny frog (Lair:1)
  2 demonic crawlers
  A hornet (Spider:4)
  A bog body (Lair:2)
  A hippogriff (Lair:1)
  A tarantella (Spider:3)
  11 redbacks
  A basilisk (Lair:1)
  A yak (Lair:1)
  A wyvern (Lair:1)
  3 wargs
  A porcupine (Lair:3)
  2 orc warriors (Orc:2)
  A hornet zombie (D:8)
  An ogre (D:11)
  A crocodile (Lair:1)
  3 bullfrogs
  5 killer bees (Lair:3)
  2 orc priests (Orc:2)
  A bullfrog skeleton (D:10)
  6 orcs (Orc:2)
  A quokka (D:8)
  A kobold (D:11)
66 creatures vanquished.

Vanquished Creatures (others)
  Asterion (Spider:3)
  2 hydras (Swamp:4)
  2 swamp dragons (Swamp:4)
  A wolf spider (Spider:4)
  An orb spider (Spider:4)
  A jumping spider (Spider:4)
  A tarantella (Spider:3)
  A hornet (Swamp:1)
  3 bog bodies
  2 spriggans (Swamp:1)
  3 swamp drakes
  An ogre (D:7)
  A jackal skeleton (D:7)
  12 fungi
32 creatures vanquished.

Grand Total: 780 creatures vanquished

Notes
Turn   | Place    | Note
-------+----------+-------------------------------------------
     0 | D:1      | Flugslaktarn the Vine Stalker Ice Elementalist began the
                  | quest for the Orb.
     0 | D:1      | Reached XP level 1. HP: 9/9 MP: 4/4
    32 | D:2      | Reached XP level 2. HP: 13/13 MP: 3/6
    70 | D:2      | Reached XP level 3. HP: 8/16 MP: 1/8
   120 | D:2      | Learned a level 3 spell: Frozen Ramparts
   403 | D:3      | Gained mutation: Your natural rate of healing is unusually
                  | fast. [Vine Stalker growth]
   403 | D:3      | Reached XP level 4. HP: 21/21 MP: 6/10
   475 | D:3      | Reached skill level 5 in Ice Magic
   489 | D:3      | Reached XP level 5. HP: 22/24 MP: 3/11
   534 | D:3      | Found a radiant altar of Vehumet.
   535 | D:3      | Found an ancient bone altar of Kikubaaqudgha.
   583 | D:4      | Noticed an ogre
   588 | D:4      | Found Semnedgh's Jewellery Shop.
   600 | D:4      | Killed an ogre
   600 | D:4      | Reached XP level 6. HP: 28/28 MP: 5/14
   709 | D:4      | Reached skill level 5 in Spellcasting
   742 | D:4      | Noticed a phantom
   897 | D:4      | Found an opulent altar of Gozag.
  1037 | D:4      | Killed a phantom
  1037 | D:4      | Reached XP level 7. HP: 20/32 MP: 6/15
  1124 | D:5      | Entered Level 5 of the Dungeon
  1169 | D:5      | Found a basalt altar of Yredelemnul.
  1190 | D:5      | Reached skill level 1 in Fighting
  1240 | D:5      | Found a snail-covered altar of Cheibriados.
  1245 | D:5      | Became a worshipper of Cheibriados the Contemplative
  1368 | D:5      | Found Nestaet's Gadget Shop.
  1381 | D:5      | Gained mutation: You have razor-sharp teeth. [Vine Stalker
                  | growth]
  1381 | D:5      | Reached XP level 8. HP: 26/39 MP: 3/16
  1487 | D:5      | Found a shimmering altar of Xom.
  1491 | D:5      | Reached * piety under Cheibriados
  1547 | D:5      | Found Jotetolo's Magic Scroll Shoppe.
  1578 | D:5      | Found an iron altar of Okawaru.
  1643 | D:5      | Reached skill level 1 in Invocations
  1722 | D:6      | Reached skill level 1 in Evocations
  1761 | D:6      | Learned a level 4 spell: Summon Ice Beast
  1763 | D:6      | Found a large runed translucent door.
  1763 | D:6      | Found a large runed translucent door.
  1767 | D:6      | Noticed OlivierWah's ghost (novice MiBe)
  1852 | D:6      | Reached skill level 1 in Summonings
  1902 | D:6      | Reached XP level 9. HP: 40/44 MP: 14/17
  1929 | D:6      | Reached ** piety under Cheibriados
  2171 | D:7      | Reached skill level 5 in Dodging
  2270 | D:7      | Noticed Pikel
  2275 | D:7      | Killed Pikel
  2376 | D:8      | Noticed a two-headed ogre
  2394 | D:8      | Found a hide-covered altar of Uskayaw.
  2402 | D:8      | Reached XP level 10. HP: 49/49 MP: 20/20
  2414 | D:8      | Killed a two-headed ogre
  2414 | D:8      | Reached skill level 5 in Invocations
  2459 | D:8      | Reached *** piety under Cheibriados
  2494 | D:9      | Found Cyileq's Antique Armour Emporium.
  2516 | D:9      | Found Xiug's Book Shop.
  2644 | D:7      | Found a staircase to the Ecumenical Temple.
  2689 | D:8      | Reached **** piety under Cheibriados
  2717 | D:8      | Found Valoetioch's General Store.
  2924 | D:9      | Reached skill level 1 in Unarmed Combat
  3028 | D:9      | Got a distressingly furry ring mail
  3076 | D:9      | Found a staircase to the Orcish Mines.
  3087 | Orc:1    | Entered Level 1 of the Orcish Mines
  3104 | Orc:1    | Noticed an orc knight
  3123 | Orc:1    | Killed an orc knight
  3203 | Orc:1    | Found Mipa's Book Shop.
  3204 | Orc:1    | Found Xedac's Jewellery Emporium.
  3218 | Orc:1    | Reached XP level 11. HP: 34/54 MP: 17/22
  3219 | Orc:1    | Reached ***** piety under Cheibriados
  3231 | Orc:1    | Reached skill level 5 in Fighting
  3360 | Orc:1    | Found Vecreri's Magic Scroll Emporium.
  3440 | Orc:2    | Entered Level 2 of the Orcish Mines
  3440 | Orc:2    | Noticed an orc sorcerer
  3471 | Orc:1    | Identified the cursed +1 ring mail "Ozy Celoopp" {rCorr
                  | Int+4 Stlth+} (You found it on level 9 of the Dungeon)
  3513 | Orc:1    | Reached skill level 5 in Unarmed Combat
  3540 | Orc:1    | Found Xyubilit's Antique Armour Shop.
  3594 | Orc:1    | You fall into a shaft and drop 1 floor!
  3610 | Orc:2    | Killed an orc sorcerer
  3775 | Orc:2    | Noticed an orc high priest
  3788 | Orc:2    | Killed an orc high priest
  3824 | Orc:2    | Noticed an orc high priest
  3825 | Orc:2    | Noticed an orc sorcerer
  3834 | Orc:2    | Killed an orc sorcerer
  3835 | Orc:2    | Killed an orc high priest
  4007 | Orc:2    | Found a staircase to the Elven Halls.
  4065 | Orc:1    | Noticed an orc knight
  4073 | Orc:1    | Killed an orc knight
  4112 | Orc:2    | Noticed an orc knight
  4129 | Orc:2    | Noticed an orc high priest
  4136 | Orc:2    | Killed an orc knight
  4137 | Orc:2    | Killed an orc high priest
  4152 | Orc:2    | Noticed an orc high priest
  4203 | Orc:2    | Killed an orc high priest
  4231 | Orc:2    | Gained mutation: You heal very quickly. [Vine Stalker
                  | growth]
  4231 | Orc:2    | Reached XP level 12. HP: 55/62 MP: 14/23
  4231 | Orc:2    | Noticed an orc high priest
  4240 | Orc:2    | Noticed an orc high priest
  4247 | Orc:2    | Killed an orc high priest
  4268 | Orc:2    | Killed an orc high priest
  4269 | Orc:2    | Noticed an orc high priest
  4273 | Orc:2    | Killed an orc high priest
  4283 | Orc:2    | Found Tutoatwagg's Armour Emporium.
  4283 | Orc:2    | Found Nikhiuz's Distillery.
  4311 | Orc:2    | Found a roughly hewn altar of Beogh.
  4331 | Orc:2    | Found Ucuwuif's Magic Scroll Emporium.
  4331 | Orc:2    | Found Fesh's Gadget Shop.
  4338 | Orc:2    | Bought a scroll of acquirement for 520 gold pieces
  4340 | Orc:2    | Bought a scroll of acquirement for 520 gold pieces
  4364 | Orc:2    | Bought a tin of tremorstones (3/3) for 640 gold pieces
  4424 | Orc:2    | Bought a +2 cloak of magic resistance for 322 gold pieces
  4424 | Orc:2    | Bought the +1 helmet of the Gate {*Corrode rElec Regen+
                  | Int-4} for 142 gold pieces
  4559 | Orc:1    | Bought a book of Spatial Translocations for 975 gold pieces
  4706 | D:10     | Entered Level 10 of the Dungeon
  4708 | D:10     | Found a staircase to the Lair.
  4836 | Lair:1   | Entered Level 1 of the Lair of Beasts
  4849 | Lair:1   | Learned a level 2 spell: Blink
  4854 | Lair:1   | Learned a level 4 spell: Passage of Golubria
  5006 | Lair:2   | Noticed a six-headed hydra
  5014 | Lair:2   | Killed a six-headed hydra
  5014 | Lair:2   | Reached skill level 1 in Translocations
  5058 | Lair:2   | Reached ****** piety under Cheibriados
  5060 | Lair:2   | Found a staircase to the Swamp.
  5221 | Lair:3   | Noticed a five-headed hydra
  5231 | Lair:3   | Killed a five-headed hydra
  5614 | Lair:3   | Got a brightly glowing long sword
  5756 | Lair:4   | Reached XP level 13. HP: 67/67 MP: 25/25
  6175 | D:11     | Found the +18 shield of the Gong {rElec rN+ MR+ EV-5}
  6175 | D:11     | Got the +18 shield of the Gong {rElec rN+ MR+ EV-5}
  6189 | D:10     | Reached skill level 1 in Shields
  6501 | D:5      | Bought a scroll of acquirement for 572 gold pieces
  6505 | D:5      | Bought 2 scrolls of teleportation for 66 gold pieces
  6505 | D:5      | Bought a scroll of amnesia for 38 gold pieces
  6505 | D:5      | Bought 2 scrolls of teleportation for 66 gold pieces
  6505 | D:5      | Bought a scroll of amnesia for 38 gold pieces
  6540 | D:4      | Bought an uncursed ring of wizardry for 360 gold pieces
  6587 | D:6      | Killed OlivierWah's ghost
  6664 | D:9      | Bought a book of Dreams for 1125 gold pieces
  6731 | Lair:2   | Reached skill level 5 in Translocations
  6760 | Lair:2   | Found a hole to the Spider Nest.
  6784 | Spider:1 | Entered Level 1 of the Spider Nest
  6798 | Spider:1 | Noticed an emperor scorpion
  6819 | Spider:1 | Noticed an entropy weaver
  6821 | Spider:1 | Killed an emperor scorpion
  6821 | Spider:1 | Reached skill level 5 in Shields
  6824 | Spider:1 | Killed an entropy weaver
  6891 | Spider:2 | Reached XP level 14. HP: 42/72 MP: 28/28
  6935 | Spider:2 | Identified the +3 long sword of the Chopping Seeker {elec,
                  | Dex+8} (You found it on level 3 of the Lair of Beasts)
  6998 | Spider:3 | Learned a level 1 spell: Beastly Appendage
  7027 | Spider:3 | Learned a level 5 spell: Borgnjor's Vile Clutch
  7039 | Spider:3 | Reached skill level 1 in Earth Magic
  7039 | Spider:3 | Reached skill level 1 in Necromancy
  7073 | Spider:3 | Noticed Asterion
  7079 | Spider:3 | Noticed an Executioner
  7084 | Spider:3 | Noticed Roxanne
  7085 | Spider:3 | Noticed Arachne
  7103 | Spider:3 | Noticed a balrug
  7109 | Spider:3 | Killed Asterion
  7150 | Spider:3 | Noticed Nikola
  7219 | Spider:3 | Killed Arachne
  7219 | Spider:3 | Reached skill level 5 in Earth Magic
  7223 | Spider:3 | Killed Nikola
  7223 | Spider:3 | Reached skill level 10 in Unarmed Combat
  7409 | Spider:3 | Killed Roxanne
  7409 | Spider:3 | Reached XP level 15. HP: 77/77 MP: 24/29
  7425 | Spider:3 | Learned a level 6 spell: Statue Form
  7431 | Spider:3 | Learned a level 5 spell: Irradiate
  7434 | Spider:3 | Learned a level 2 spell: Sticks to Snakes
  7503 | Spider:3 | You fall into a shaft and drop 1 floor!
  7503 | Spider:4 | Entered Level 4 of the Spider Nest
  7525 | Spider:4 | Reached skill level 1 in Transmutations
  7746 | Spider:4 | Noticed an emperor scorpion
  7763 | Spider:4 | Killed an emperor scorpion
  7793 | Spider:4 | Noticed a ghost moth
  7802 | Spider:4 | Reached skill level 5 in Transmutations
  7814 | Spider:4 | Killed a ghost moth
  7876 | Spider:4 | Noticed an emperor scorpion
  7889 | Spider:4 | Killed an emperor scorpion
  7936 | Spider:4 | Noticed an emperor scorpion
  7952 | Spider:4 | Killed an emperor scorpion
  7953 | Spider:4 | Noticed a ghost moth
  7957 | Spider:4 | Noticed an emperor scorpion
  7964 | Spider:4 | Killed a ghost moth
  7983 | Spider:4 | Killed an emperor scorpion
  7984 | Spider:4 | Reached XP level 16. HP: 76/81 MP: 11/30
  8010 | Spider:4 | Got a gossamer rune of Zot
  8239 | Swamp:1  | Entered Level 1 of the Swamp
  8276 | Swamp:1  | Reached skill level 10 in Earth Magic
  8445 | Swamp:2  | Reached skill level 10 in Transmutations
  8469 | Swamp:2  | Reached skill level 10 in Dodging
  8675 | Swamp:4  | Entered Level 4 of the Swamp
  8832 | Swamp:1  | Found a glowing silver altar of Zin.
  8834 | Swamp:1  | Got a crude bone ring
  8851 | Swamp:2  | Identified the ring "Nuranu" {EV+4 Str+6} (You found it on
                  | level 1 of the Swamp)
  8892 | Swamp:4  | Reached skill level 5 in Evocations
  8899 | Swamp:4  | Reached skill level 1 in Conjurations
  8899 | Swamp:4  | Gained mutation: You are dopey. (Int -2) [mutagenic glow]
  8902 | Swamp:4  | Reached skill level 10 in Spellcasting
  9005 | Swamp:4  | Noticed Mara
  9005 | Swamp:4  | Noticed a tentacled monstrosity
  9013 | Swamp:4  | Noticed Flugslaktarn's illusion
  9023 | Swamp:4  | Noticed the 27-headed Lernaean hydra
  9023 | Swamp:4  | Slain by the 27-headed Lernaean hydra

Illustrated notes

Levels and vault maps discovered:
D:1:      nzn_arrival_water_spiral, layout_basic, minmay_strange_pillars,
          st_stairs_12
D:2:      layout_loops_ring
D:3:      layout_loops_ring, nicolae_overflow_crystal_walls,
          gammafunk_temple_overflow_statue, minmay_shallow_snake_nest
D:4:      layout_basic, nicolae_gozag_cash_rules_everything_around_me,
          serial_shops, shop_coins, minmay_misc_feat_rows
D:5:      layout_basic, kennysheep_mini, led_xom_imps, okawaru_metal_pillars_3,
          serial_shops, nicolae_shop_behind_doors, shop, nicolae_shop_stone,
          serial_co_window_serial, co_window_paths_a, co_window_paths_b,
          co_window_corner_a, co_window_corner_a, co_window_corner_a,
          co_window_broadway_b, co_window_unsneaky_path_a, co_window_broadway_c,
          co_window_4corner_a, glass_columns_a, first_ration,
          cheibriados_altar_1
D:6:      layout_gridville, ebering_ghost_disaster_area
D:7:      layout_rooms, minmay_temple_entry_enclosed_plants, uniq_pikel
D:8:      layout_rooms, eat_drink_and_be_merry_uskayaw, serial_shops,
          nicolae_shop_waterfront
D:9:      layout_rooms, david_orc_4, serial_shops, shop,
          nicolae_shop_overgrown_old_shop, grunt_ogre_cave
D:10:     minmay_bloctagon, layout_long_grid, dpeg_oklobed_lair
D:11:     layout_basic
Lair:1:   layout_roguey, cheibrodos_lair_reptile_den, minmay_lair_oklob_chamber
Lair:2:   layout_loops_ring, skrybe_swamp_entry_bodies, spider_nest_entry_a
Lair:3:   layout_roguey [special_room_bee], eino_small_chamber_without_monster,
          lemuel_another_geyser
Lair:4:   beast_lair_carwin_large_1, layout_cave_pods,
          portal_ice_cave_entry_imps, lemuel_fruit_tree
Swamp:1:  layout_basic_swamp, basic_altar, swamp_pool1, uniq_jorgrun
Swamp:2:  layout_falls_marsh, nicolae_swamp_godswood
Swamp:3:  layout_basic_swamp, evilmike_swamp_ruin_wall, ldierk_geyser,
          swamp_pool1, grunt_hermit_hut
Swamp:4:  grunt_swamp_rune_castle, layout_basic_swamp,
          infiniplex_staircase_pool_2, uniq_mara
Spider:1: layout_spider_delve, gammafunk_ghost_necromancy
Spider:2: layout_spider_delve
Spider:3: layout_spider_delve, nicolae_arachne_temple,
          nicolae_spider_cling_ruins, uniq_asterion, uniq_roxanne, uniq_nikola
Spider:4: guppyfry_spider_rune
Orc:1:    layout_diamond_mine, serial_shops, nicolae_shop_waterfront, shop,
          shop, nicolae_shop_trees
Orc:2:    st_orc_town, layout_diamond_mine

Skill      XL: |  1  2  3  4  5  6  7  8  9 10 11 12 13 14 15 16 |
---------------+-------------------------------------------------+-----
Spellcasting   | 3 4 5 6 7 9 10 | 10.3
Ice Magic      | 5 7 8 |  8.0
Fighting       | 2 3 4 6 7 8 9 |  9.1
Dodging        | 3 4 6 7 8 9 10 | 10.0
Invocations    | 1 4 7 8 9 |  9.4
Evocations     | 1 2 3 4 5 |  5.0
Summonings     | 1 2 |  2.0
Unarmed Combat | 4 8 9 10 | 10.8
Translocations | 3 5 |  5.0
Shields        | 7 8 |  8.0
Earth Magic    | 5 9 10 | 10.0
Necromancy     | 3 |  3.8
Transmutations | 7 10 | 10.0
Conjurations   | 3 |  3.0
Stealth        | |  2.4

Action                   |  1- 3 |  4- 6 |  7- 9 | 10-12 | 13-15 | 16-18 || total
-------------------------+-------+-------+-------+-------+-------+-------++-------
Melee: Unarmed           |    12 |       |       |       |   339 |   218 ||   569
       Bite              |     5 |    15 |    53 |   137 |   273 |   125 ||   608
       Short sword       |     4 |       |       |       |       |       ||     4
       Whip              |     4 |     7 |       |       |       |       ||    11
       Trident           |       |    48 |    26 |       |       |       ||    74
       Quarterstaff      |       |       |    15 |       |       |       ||    15
       Dagger            |       |       |    74 |    52 |       |       ||   126
       Morningstar       |       |       |       |   102 |       |       ||   102
       War axe           |       |       |       |    89 |    53 |       ||   142
       Punch             |       |       |       |    11 |     2 |       ||    13
Throw: Boomerang         |       |       |       |     5 |    34 |     1 ||    40
 Cast: Freeze            |    23 |    12 |    43 |     9 |       |       ||    87
       Frozen Ramparts   |     3 |    14 |    23 |    64 |    45 |     3 ||   152
       Summon Ice Beast  |       |       |     1 |    39 |    38 |     1 ||    79
       Passage of Golubr |       |       |       |    20 |    66 |    79 ||   165
       Blink             |       |       |       |       |     5 |     5 ||    10
       Borgnjor's Vile C |       |       |       |       |    24 |     3 ||    27
       Statue Form       |       |       |       |       |       |    12 ||    12
       Irradiate         |       |       |       |       |       |    11 ||    11
       Sticks to Snakes  |       |       |       |       |       |     1 ||     1
Invok: Slouch            |       |       |       |     3 |    15 |       ||    18
Evoke: Wand              |       |       |     9 |     2 |    11 |       ||    22
       Tin of tremorston |       |       |       |       |     4 |     3 ||     7
  Use: Scroll            |       |     1 |     4 |    20 |    13 |     8 ||    46
       Potion            |       |       |     1 |     2 |     7 |       ||    10
 Stab: Sleeping          |     2 |       |     1 |     2 |     2 |       ||     7
       Distracted        |       |       |     1 |       |     4 |       ||     5
       Paralysed         |       |       |       |     4 |     1 |       ||     5
       Confused          |       |       |       |       |     1 |     2 ||     3
       Held in net/web   |       |       |       |       |     1 |       ||     1
  Eat: Ration            |       |       |     2 |     3 |     2 |     1 ||     8
       Chunk             |       |       |     1 |       |     1 |     2 ||     4
Armor: Robe              |     5 |     4 |    12 |       |       |       ||    21
       Ring mail         |       |       |    37 |   110 |    84 |       ||   231
       Leather armour    |       |       |       |    11 |   118 |    35 ||   164
       Skin              |       |       |       |     6 |     7 |   201 ||   214
Dodge: Dodged            |    23 |    73 |   251 |   548 |   354 |   353 ||  1602
Block: Kite shield       |       |       |       |       |   873 |   781 ||  1654

Table legend:
 A = Non-vault XP
 B = Vault XP
 C = Vault XP percentage of total XP
 D = Non-vault monster count
 E = Vault monster count
 F = Vault count percentage of total count
                 A         B        C        D         E       F
            +---------+---------+-------+---------+---------+-------
      Total |  105700 |   71820 |  40.5 |     527 |     234 |  30.7
            +---------+---------+-------+---------+---------+-------
        D:1 |       1 |       0 |   0.0 |       1 |       0 |   0.0
        D:2 |      63 |       0 |   0.0 |      17 |       0 |   0.0
        D:3 |      84 |      20 |  19.2 |      13 |       5 |  27.8
        D:4 |     533 |       0 |   0.0 |      20 |       0 |   0.0
        D:5 |     760 |     190 |  20.0 |      23 |       4 |  14.8
        D:6 |    1171 |     700 |  37.4 |      24 |       1 |   4.0
        D:7 |     842 |     617 |  42.3 |      12 |       1 |   7.7
        D:8 |    2127 |       0 |   0.0 |      29 |       0 |   0.0
        D:9 |    1111 |     801 |  41.9 |      21 |      18 |  46.2
       D:10 |    2598 |    5147 |  66.5 |      13 |      17 |  56.7
       D:11 |    2412 |       0 |   0.0 |      24 |       0 |   0.0
     Lair:1 |    1512 |     677 |  30.9 |      10 |       2 |  16.7
     Lair:2 |    2817 |     868 |  23.6 |       8 |       4 |  33.3
     Lair:3 |    2749 |    1729 |  38.6 |      12 |      25 |  67.6
     Lair:4 |     995 |       0 |   0.0 |       6 |       0 |   0.0
    Swamp:1 |   12343 |       0 |   0.0 |      34 |       0 |   0.0
    Swamp:2 |    9596 |       0 |   0.0 |      22 |       0 |   0.0
    Swamp:3 |    4420 |     368 |   7.7 |      12 |       1 |   7.7
    Swamp:4 |    7763 |   12464 |  61.6 |      19 |      26 |  57.8
   Spider:1 |    7283 |       0 |   0.0 |      21 |       0 |   0.0
   Spider:2 |    4494 |       0 |   0.0 |      18 |       0 |   0.0
   Spider:3 |   10959 |   22499 |  67.2 |      35 |      36 |  50.7
   Spider:4 |   21456 |   19480 |  47.6 |      61 |      37 |  37.8
      Orc:1 |    3516 |       0 |   0.0 |      37 |       0 |   0.0
      Orc:2 |    4095 |    6260 |  60.5 |      35 |      57 |  62.0
            +---------+---------+-------+---------+---------+-------
